 Dungeon Crawl Stone Soup version 0.30.1-9-gdf580d7c3d (console) character file.

Game seed: 9834417778354123834

15 CuBeRJAN3 the Firebug (level 2, 19/19 HPs)
             Began as a Demonspawn Fire Elementalist on Sept 12, 2023.
             Quit the game on level 1 of the Dungeon on Oct 6, 2023.
             The game lasted 00:03:48 (1507 turns).

CuBeRJAN3 the Firebug (DsFE)                        Turns: 1507, Time: 00:03:48

Health: 19/19      AC:  2    Str:  8    XL:     2   Next: 34%
Magic:  5/5        EV: 12    Int: 16    God:
Gold:   88         SH:  0    Dex: 13    Spells: 4/5 levels left

rFire   . . .        (no weapon)
rCold   . . .        (no shield)
rNeg    . . .        a - +0 robe
rPois   .            (no helmet)
rElec   .            (no cloak)
rCorr   .            (no gloves)
SInv    .            (no boots)
Will    .....        (no amulet)
Stlth   ++           (no ring)
HPRegen 0.23/turn    (no ring)
MPRegen 0.09/turn

%: no passive effects
@: no status effects
A: ignite blood 1
a: no special abilities


You were on level 1 of the Dungeon.
You visited 1 branch of the dungeon, and saw 2 of its levels.

You collected 88 gold pieces.

Inventory:

Missiles
 d - 4 poisoned darts
Armour
 a - a +0 robe (worn)
Scrolls
 c - a scroll of identify {unknown}
Potions
 b - 2 potions of magic
 e - a potion of flight {unknown}
 f - a potion of curing {unknown}
 g - a potion of attraction {unknown}


   Skills:
 + Level 2.0 Dodging
 + Level 2.0 Stealth
 + Level 2.1 Spellcasting
 + Level 1.3 Conjurations
 + Level 2.8 Fire Magic


You had 4 spell levels left.
You knew the following spells:

 Your Spells              Type           Power      Damage    Failure   Level
a - Foxfire               Conj/Fire      32%        2x1d5     9%          1

Your spell library contained the following spells:

 Spells                   Type           Power      Damage    Failure   Level
 Scorch                   Fire           20%        2d6       10%         2
 Kiss of Death            Conj/Necr      12%        2d6       16%         1
 Inner Flame              Hex/Fire       6%         N/A       34%         3
 Volatile Blastmotes      Fire/Tloc      12%        2d11      34%         3
 Confusing Touch          Hex            1%         N/A       52%         3
 Flame Wave               Conj/Fire      8%         2d5       65%         4
 Dispel Undead            Necr           1%         3d6       90%         4


Dungeon Overview and Level Annotations

Branches:
Dungeon (2/15)

Altars:


Innate Abilities, Weirdness & Mutations

Your demonic aura sometimes causes spilled blood to erupt in flames.


Message History

There is an open door here.
There is a stone staircase leading down here.
There is an open door here.
You open the door.
There is an open door here.
As you open the door, it creaks loudly!
There is an open door here.
You open the door.
There is an open door here.
There is an open door here.
You open the door.
There is an open door here.
You open the door.
There is an open door here.
You open the door.
Found a ring mail.
You open the door. You open the door.
There is an open door here.
You now have 88 gold pieces (gained 8).
Done exploring.
Done exploring.
Done exploring.
Press: ? - help, . - travel, g - get item You can't see that place. [Stash: a ring mail] [the floor.] Unknown command.
There is an open door here.
There is an open door here.
There is a stone staircase leading down here.
You climb downwards.
Found a dagger, 31 gold pieces, a glowing whip and a robe.
There is a stone staircase leading up here.
You climb upwards.
There is a stone staircase leading down here.
Save game and exit?
Welcome back, CuBeRJAN3 the Demonspawn Fire Elementalist.
Press ? for a list of commands and other information.
Are you sure you want to abandon this character and quit the game? (Confirm with "yes".)

≈≈≈≈≈≈#≈≈≈≈≈≈##'''##≈≈§≈≈§#≈≈≈§≈§
≈≈#≈≈≈#≈≈≈≈###...P.###≈≈§≈#§≈≈#§≈
≈≈#≈≈≈#≈≈≈##P...P....##≈§≈#≈≈≈#≈≈
≈≈#≈≈≈#≈≈≈#PP.P.......#≈≈≈#≈≈≈#≈≈
≈≈#≈≈≈#≈≈≈#P(.P.8...P.#§§§#≈≈≈#≈≈
≈≈#≈≈≈#≈≈≈#...P....P..#≈§§#≈≈≈#≈≈
..#...#...##.......P.##...#...#..
..#...#...####.P...####...#...#..
'##...#.[.##.###'###.##...#...##'
.###..#...#...#...#...#...#..###.
...#'##...#...#.@.#...#...##'#...
......##'###'##...##'###'##......
##...........###'###...........##
######.....................######
.....######.....<.....######.....
#####.....##############.# #.##.#
##...## ####.####.# #.##.# ##.##
#......##.###.##.# #.#
#.##.#.##........# #.#
#.#..#.##........# ##'##
#.#.##.##.###.##.#


There were no monsters in sight!

Vanquished Creatures
  An endoplasm (D:1)
  A giant cockroach (D:1)
  3 goblins (D:1)
  A hobgoblin (D:1)
  2 kobolds (D:1)
  A quokka (D:1)
  2 ball pythons (D:1)
  2 bats (D:1)
13 creatures vanquished.

Vanquished Creatures (others)
  40 foxfires (D:1)
40 creatures vanquished.

Grand Total: 53 creatures vanquished

Notes
Turn   | Place    | Note
-------+----------+-------------------------------------------
     0 | D:1      | CuBeRJAN3 the Demonspawn Fire Elementalist began the quest
                  | for the Orb.
     0 | D:1      | Reached XP level 1. HP: 13/13 MP: 3/3
   842 | D:1      | Gained mutation: Your demonic aura sometimes causes spilled
                  | blood to erupt in flames. [demonic ancestry]
   842 | D:1      | Reached XP level 2. HP: 19/19 MP: 1/5
   910 | D:1      | Found a faded altar of an unknown god.
  1507 | D:1      | Upgraded the game from 0.30.1-4-g462c640d31 to
                  | 0.30.1-9-gdf580d7c3d
  1507 | D:1      | Quit the game

Illustrated notes

Levels and vault maps discovered:
D:1:      dpeg_arrival_water_fire, layout_loops_corners,
          ebering_ecumenical_altar_petrified
D:2:      layout_rooms, minmay_quantized

Skill      XL: |  1  2 |
---------------+-------+-----
Stealth        | 2 |  2.0
Dodging        | 2 |  2.0
Spellcasting   | |  2.1
Conjurations   | |  1.3
Fire Magic     | |  2.8

Action                     || total
---------------------------++-------
  Melee: Unarmed           ||     1
  Throw: Dart              ||     2
   Cast: Foxfire           ||    27
  Dodge: Dodged            ||    10
